 Dungeon Crawl Stone Soup version 0.26-a0-652-gafc20e3620 (webtiles) character file.

Game seed: 10866928119843775086

603461 MrRokkomies the Cryomancer (level 26, -9/172 HPs)
             Began as a Deep Elf Ice Elementalist on Sept 30, 2020.
             Was the Champion of Vehumet.
             Shot with a bolt by a yaktaur captain (40 damage)
             ... on level 5 of the Vaults on Oct 1, 2020.
             The game lasted 03:36:25 (88302 turns).

MrRokkomies the Cryomancer (DEIE)                  Turns: 88302, Time: 03:36:25

Health: -9/172     AC: 10    Str:  7    XL:     26   Next: 55%
Magic:  29/49      EV: 35    Int: 32    God:    Vehumet [******]
Gold:   3074       SH: 10    Dex: 28    Spells: 12/65 levels left

rFire    + + +     SeeInvis +   a - staff of cold
rCold    + + .     Faith    .   n - +3 buckler {AC+3}
rNeg     + + +     Spirit   .   f - +0 robe of Uneb {rF+ Str+3 SInv}
rPois    +         Reflect  .   L - -2 hat of the Alchemist {rElec rPois rF+ rC+ rN+ MR+ rMut rCorr}
rElec    +         Harm     .   I - +2 ratskin cloak {*Rats rPois rN+ Str-1 Int-1 Dex+1}
rCorr    +         Rampage  .   e - +0 pair of gloves "Ilokikka" {rF++}
rMut     +         Clarity  +   S - +2 pair of boots {run}
MR       +++++                  B - amulet of the Four Winds {rN+ MR+++ Clar}
Stlth    ++++++....             T - ring of Xom's Sleight of Hands {rElec rPois Dex+6}
HPRegen  0.38/turn              Y - ring "Fyemm" {rN+ MR+ Dex+6 Stlth+}
MPRegen  0.31/turn

@: no potions, quick
A: no striking features
}: 3/15 runes: decaying, slimy, gossamer
a: Renounce Religion


You were on level 5 of the Vaults.
You worshipped Vehumet.
Vehumet was exalted by your worship.
You visited 10 branches of the dungeon, and saw 52 of its levels.
You visited 1 bazaar.
You also visited: Trove, Sewer, Ossuary and Ice Cave.

You collected 10961 gold pieces.
You spent 7887 gold pieces at shops.

Inventory:

Hand Weapons
 b - the +12 Vampire's Tooth {vamp}
   (You found it on level 1 of the Crypt)

   It inflicts no extra harm, but heals its wielder when it wounds a living foe.
Missiles
 u - a throwing net
 K - 38 curare-tipped darts (quivered)
Armour
 e - the +0 pair of gloves "Ilokikka" (worn) {rF++}
   (You found it in a treasure trove)

   It greatly protects you from fire.
 f - the +0 robe of Uneb (worn) {rF+ Str+3 SInv}
   (You found it on level 1 of the Spider Nest)

   It affects your strength (+3).
   It protects you from fire.
   It lets you see invisible.
 j - the +0 mask of the Dragon {MR+ Slay+3 SInv}
   (You found it in a treasure trove)

   It affects your accuracy and damage with ranged weapons and melee attacks
   (+3).
   It affects your resistance to hostile enchantments.
   It lets you see invisible.
 n - a +3 buckler of protection (worn)
 I - the +2 ratskin cloak (worn) {*Rats rPois rN+ Str-1 Int-1 Dex+1}
   (You bought it in a shop on level 15 of the Dungeon)

   It affects your strength (-1).
   It affects your intelligence (-1).
   It affects your dexterity (+1).
   It protects you from poison.
   It protects you from negative energy.
 L - the -2 hat of the Alchemist (worn) {rElec rPois rF+ rC+ rN+ MR+ rMut rCorr}
   (You found it on level 3 of the Elven Halls)

   It protects you from fire.
   It protects you from cold.
   It insulates you from electricity.
   It protects you from poison.
   It protects you from negative energy.
   It affects your resistance to hostile enchantments.
   It provides partial protection from all sources of acid and corrosion.
   It protects you from mutation.
 S - a +2 pair of boots of running (worn)
Magical Staves
 a - an uncursed staff of cold (weapon)
 g - an uncursed staff of conjuration
Jewellery
 d - an uncursed amulet of the acrobat
 B - the amulet of the Four Winds (around neck) {rN+ MR+++ Clar}
   (You found it on level 5 of the Pits of Slime)

   [amulet of nothing]

   It protects you from negative energy.
   It affects your resistance to hostile enchantments.
   It protects you against confusion.
 J - the ring of Yfrir {rC++ Str+6}
   (You took it off a deep elf sorcerer on level 2 of the Depths)

   [ring of strength]

   It affects your strength (+6).
   It greatly protects you from cold.
 T - the ring of Xom's Sleight of Hands (left hand) {rElec rPois Dex+6}
   (You found it on level 2 of the Swamp)

   [ring of dexterity]

   It affects your dexterity (+6).
   It insulates you from electricity.
   It protects you from poison.
 V - a +4 ring of slaying
 Y - the ring "Fyemm" (right hand) {rN+ MR+ Dex+6 Stlth+}
   (You found it on level 6 of the Lair of Beasts)

   [ring of dexterity]

   It affects your dexterity (+6).
   It protects you from negative energy.
   It affects your resistance to hostile enchantments.
   It makes you more stealthy.
Wands
 q - a wand of acid (68)
 y - a wand of paralysis (68)
 H - a wand of digging (8)
 Q - a wand of iceblast (95)
Scrolls
 c - 26 scrolls of teleportation
 h - 8 scrolls of immolation
 i - 29 scrolls of remove curse
 l - a scroll of brand weapon
 m - 8 scrolls of blinking
 p - 6 scrolls of fear
 r - 2 scrolls of summoning
 s - a scroll of enchant armour
 A - 8 scrolls of fog
 F - 16 scrolls of identify
 X - 9 scrolls of magic mapping
Potions
 k - 14 potions of curing
 t - 13 potions of heal wounds
 v - 4 potions of cancellation
 x - 4 potions of might
 C - 4 potions of invisibility
 D - 6 potions of resistance
 E - 4 potions of flight
 G - a potion of haste
 M - 2 potions of stabbing
 O - 3 potions of brilliance
 W - 14 potions of ambrosia
Miscellaneous
 o - a phial of floods
 w - a lightning rod (4/4)
 z - a phantom mirror
 R - a condenser vane (2/2)
 U - a box of beasts (3/3)
 Z - a tin of tremorstones (3/3)


   Skills:
 + Level 19.3 Fighting
 * Level 2.3 Short Blades
 + Level 22.0 Dodging
 - Level 8.6 Stealth
 - Level 4.0 Shields
 - Level 20.0 Spellcasting
 - Level 20.0 Conjurations
 - Level 8.0 Summonings
 - Level 10.0 Transmutations
 * Level 10.8 Fire Magic
 - Level 22.0 Ice Magic
 - Level 10.0 Earth Magic
 - Level 17.3 Evocations


You had 12 spell levels left.
You knew the following spells:

 Your Spells              Type           Power        Failure   Level
a - Absolute Zero         Ice            ########..   3%          9
b - Frozen Ramparts       Ice            ######       0%          3
c - Fire Storm            Conj/Fire      #######...   43%         9
d - Summon Ice Beast      Ice/Summ       ########     1%          4
e - Ozocubu's Refrigerat  Ice            ########..   0%          6
f - Fireball              Conj/Fire      #######...   1%          5
g - Iskenderun's Mystic   Conj/Tloc      #######.     1%          4
h - Orb of Destruction    Conj           ########..   1%          7
i - Statue Form           Tmut/Erth      #######..    2%          6

Your spell library contained the following spells:

 Spells                   Type           Power        Failure   Level
 Chain Lightning          Conj/Air       #######...   28%         8
 Foxfire                  Conj/Fire      ####         0%          1
 Freeze                   Ice            ####         0%          1
 Magic Dart               Conj           ####         0%          1
 Sandblast                Erth           ######       0%          1
 Searing Ray              Conj           ######       0%          2
 Conjure Flame            Conj/Fire      #######.     0%          3
 Ozocubu's Armour         Ice            ########     0%          3
 Stone Arrow              Conj/Erth      ######       0%          3
 Hailstorm                Conj/Ice       ########     0%          4
 Sticky Flame             Conj/Fire      #######.     0%          4
 Animate Skeleton         Necr           ####..       1%          1
 Apportation              Tloc           ####..       1%          1
 Corona                   Hex            ####...      1%          1
 Pain                     Necr           ####         1%          1
 Sting                    Tmut/Pois      ####         1%          1
 Summon Small Mammal      Summ           ####         1%          1
 Call Imp                 Summ           ######..     1%          2
 Ensorcelled Hibernation  Hex/Ice        ######       1%          2
 Passwall                 Tmut/Erth      #######.     1%          2
 Poisonous Vapours        Pois/Air       ####..       1%          2
 Slow                     Hex            ####....     1%          2
 Sublimation of Blood     Necr           ####......   1%          2
 Swiftness                Air            ####....     1%          2
 Call Canine Familiar     Summ           ######..     1%          3
 Dazzling Flash           Conj/Hex       ######       1%          3
 Ignite Poison            Fire/Tmut/Pois ######..     1%          3
 Inner Flame              Hex/Fire       ######..     1%          3
 Mephitic Cloud           Conj/Pois/Air  ######..     1%          3
 Static Discharge         Conj/Air       #######.     1%          3
 Summon Guardian Golem    Hex/Summ       ######..     1%          3
 Fulminant Prism          Conj/Hex       #######...   1%          4
 Leda's Liquefaction      Hex/Erth       ######....   1%          4
 Petrify                  Tmut/Erth      #######.     1%          4
 Summon Lightning Spire   Summ/Air       ######..     1%          4
 Bolt of Magma            Conj/Fire/Erth #######...   1%          5
 Lee's Rapid Deconstruct  Erth           #######...   1%          5
 Metabolic Englaciation   Hex/Ice        ########..   1%          5
 Yara's Violent Unravell  Hex/Tmut       ######....   1%          5
 Freezing Cloud           Conj/Ice/Air   ########..   1%          6
 Simulacrum               Ice/Necr       ########..   1%          6
 Starburst                Conj/Fire      #######...   1%          6
 Confusing Touch          Hex            ####....     3%          3
 Gell's Gravitas          Tloc           ####......   3%          3
 Lesser Beckoning         Tloc           ####......   3%          3
 Portal Projectile        Hex/Tloc       ####..       3%          3
 Tukima's Dance           Hex            ####....     3%          3
 Vampiric Draining        Necr           ####......   3%          3
 Olgreb's Toxic Radiance  Pois           ####....     3%          4
 Alistair's Intoxication  Tmut/Pois      ######...    3%          5
 Summon Mana Viper        Hex/Summ       ######..     6%          5
 Cause Fear               Hex            ####......   11%         4
 Passage of Golubria      Tloc           N/A          11%         4
 Agony                    Necr           ####....     30%         5
 Excruciating Wounds      Necr           ####......   30%         5
 Silence                  Hex/Air        ####......   30%         5
 Death Channel            Necr           ####......   86%         6
 Dispersal                Tloc           ####......   86%         6
 Invisibility             Hex            ####....     86%         6
 Borgnjor's Revivificati  Necr           ####......   100%        8
 Discord                  Hex            ####......   100%        8
 Disjunction              Tloc           ####......   100%        8
 Dragon's Call            Summ           ######....   100%        9


Dungeon Overview and Level Annotations

Branches:
Dungeon (15/15)            Temple (0/1) D:4            Lair (6/6) D:8
  Swamp (4/4) Lair:3       Spider (4/4) Lair:4        Slime (5/5) Lair:5
    Orc (2/2) D:11            Elf (3/3) Orc:2        Vaults (5/5) D:14
  Crypt (3/3) Vaults:2       Tomb (0/3) Crypt:3      Depths (5/5) D:15
    Zot (0/5) Depths:5      Sewer (visited)         Ossuary (visited)
  IceCv (visited)

Altars:
Ashenzari
Cheibriados
Fedhas
Gozag
Hepliaklqana
Kikubaaqudgha
Makhleb
Nemelex Xobeh
Ru
Trog
Vehumet
Wu Jian
Yredelemnul
Zin
The Shining One
Beogh

Shops:
D:5 (([   D:10 *?   D:12 [   D:15 [   Orc:2 ?}[}   Elf:2 }   Vaults:2 *
Vaults:3 *   Crypt:3 *   Depths:4 :

Portals:
Hell: Lair:6 Depths:1 Depths:2 Depths:3 Depths:4 Depths:5
Abyss: Depths:1 Depths:4
Pandemonium: Depths:3 Depths:4
Ziggurat: Depths:2

Annotations:
Vaults:4 4 runed translucent doors
Crypt:3 3 runed translucent doors, exclusion: obsidian statue, Liwawop's ghost, legendary GrBe
Depths:2 1 runed translucent door


Message History

The vault warden is heavily wounded.
The golden dragon resists.
The golden dragon roars deafeningly!
The golden dragon is lightly wounded.
The deep troll is heavily wounded.
The vault warden hits you with a +2 great mace of venom!!
* * * LOW HITPOINT WARNING * * *
The deep troll barely misses you. x2; The deep troll misses you.
You hear two shouts!
Unknown command.
Unknown command.
Unknown command.
Press: ? - help, Dir - move target cursor
As you read the scroll of blinking, it crumbles to dust.
The golden dragon breathes cold at you. The bolt of cold misses you.
The yaktaur captain unwields a +4 vampiric bardiche.
The yaktaur captain wields a cursed -2 arbalest.
The yaktaur captain shoots a bolt.
The bolt hits you!!!
You die...

..# #..#..........#
..#########..#....#.).[..
.....c.8..)..#.......[(..
.....8.p).u§.c...D..)[)..
############[T..[....#.##
....p.[[.[......
....[.<<)).)?...
...[.<..<[[[....
....[[<@[)(.....
###..[.[[..#####
..[..)....))...
....#..[[#(.##. ###
#....#.)# #....#...#
#....#....# #....# ...


You could see a golden dragon (catching breath), a brown very ugly thing, a
vault warden, a yaktaur captain and a deep troll.

Vanquished Creatures
  the Royal Jelly (Slime:5)
  Mara (Swamp:4)
  2 juggernauts
  Sojobo (Vaults:2)
  An ancient lich (Vaults:5)
  Boris (Depths:5)
  The ghost of temitten the Warrior, a veteran PaFi of Okawaru (Vaults:4)
  Bai Suzhen (Vaults:2)
  Margery (Vaults:3)
  3 caustic shrikes (Depths:5)
  Xtahua (Depths:5)
  2 golden dragons
  A profane servitor (Crypt:3)
  Nikola (Vaults:1)
  Jory (Vaults:2)
  2 bone dragons
  Arachne (Spider:4)
  3 tentacled monstrosities
  Rupert (D:14)
  7 liches
  A titan (Depths:5)
  Asterion (Elf:3)
  3 deep elf blademasters
  3 quicksilver dragons
  5 sphinxes
  3 deep elf master archers (Elf:3)
  17 acid blobs
  5 shadow dragons
  Agnes (D:14)
  8 storm dragons
  A thorn hunter (Swamp:2)
  11 ancient champions
  7 tengu reavers
  3 revenants
  Roxanne (Swamp:4)
  15 azure jellies
  An azure jelly (shapeshifter) (Depths:2)
  A draconian scorcher (Depths:5)
  12 fire giants
  3 deep elf sorcerers
  7 emperor scorpions (Spider:4)
  8 frost giants
  3 curse skulls
  A cacodemon (Depths:3)
  Louise (D:15)
  An iron dragon (Depths:2)
  4 ghost moths
  Aizul (Vaults:2)
  A ghost moth (shapeshifter) (D:14)
  17 vault wardens
  4 deep elf elementalists
  13 ironheart preservers
  2 angels (Depths:2)
  6 ghouls (Crypt:3)
  18 stone giants
  4 entropy weavers
  18 vampire knights
  20 very ugly things
  A spriggan defender (Depths:5)
  3 green draconians (Depths:5)
  2 white draconians (Depths:5)
  A black draconian (Depths:5)
  Azrael (Elf:2)
  9 deep elf demonologists
  A dire elephant (shapeshifter) (Vaults:5)
  7 spark wasps
  14 deep elf annihilators
  7 eidola
  2 purple draconians
  10 ettins
  Josephine (Lair:5)
  A merfolk impaler (Depths:3)
  14 fire dragons
  10 death oozes (Slime:5)
  5 deep elf high priests
  11 deep elf death magi
  7 great orbs of eyes
  14 jiangshi
  13 ice dragons
  13 yaktaur captains
  2 quicksilver dragon skeletons (Crypt:1)
  41 vault guards
  8 rakshasas
  9 hydras
  3 shambling mangroves
  4 spriggan air magi
  2 death knights
  Erolcha (Orc:2)
  11 centaur warriors
  Erica (D:8)
  Harold (D:8)
  3 ghost crabs
  A catoblepas (D:14)
  19 ogre magi
  14 alligators
  50 two-headed ogres
  6 deep troll earth magi
  6 tengu warriors
  23 dancing weapons
  8 deep troll shamans
  5 death yaks (Lair:3)
  12 vampire magi
  2 hell hogs (Depths:2)
  2 orc high priests
  Urug (Lair:1)
  20 deep elf knights
  Nergalle (Orc:2)
  A sun demon (Lair:6)
  A soul eater (Crypt:1)
  A shock serpent (shapeshifter) (Depths:3)
  A hell knight (Vaults:3)
  A golden dragon zombie (Crypt:3)
  3 titan skeletons
  A fire crab (shapeshifter) (Depths:3)
  2 shadow wraiths
  45 skeletal warriors
  An infernal demonspawn (Depths:3)
  7 iron trolls
  5 flayed ghosts
  An anaconda zombie (Crypt:3)
  6 glowing orange brains
  A torturous demonspawn (Depths:3)
  2 swamp dragons (shapeshifter)
  2 spectral hydras (Swamp:4)
  2 spriggan druids (Swamp:2)
  7 swamp dragons
  19 deep elf archers
  27 deep trolls
  4 wizards
  2 unseen horrors
  15 phantasmal warriors
  Pikel (D:8)
  4 harpies (Vaults:3)
  16 orb spiders
  20 ironbrand convokers
  An oklob plant (Swamp:4)
  A fire giant zombie (Crypt:3)
  29 wolf spiders
  6 cyclopes
  A frost giant zombie (Crypt:3)
  9 orc knights
  8 necromancers
  3 anaconda skeletons (Crypt:1)
  52 ugly things
  A sphinx skeleton (Crypt:3)
  8 orc sorcerers
  5 manticores
  63 deep elf magi
  2 moths of wrath
  3 shining eyes
  A fire giant skeleton (Crypt:2)
  A salamander (shapeshifter) (Depths:3)
  A shock serpent zombie (Crypt:3)
  An iron dragon skeleton (Crypt:1)
  7 elephants
  A centaur zombie (D:14)
  2 black mambas (shapeshifter) (Depths:3)
  A dire elephant zombie (Crypt:2)
  Maurice (D:9)
  A frost giant skeleton (Crypt:1)
  A guardian serpent (shapeshifter) (Vaults:1)
  4 ice statues (IceCv)
  8 black mambas
  2 eyes of devastation
  2 orange demons
  12 vault sentinels
  3 gargoyles
  2 stone giant skeletons (Crypt:1)
  A smoke demon (Depths:3)
  2 torpor snails
  24 cane toads
  A shock serpent skeleton (Crypt:1)
  2 swamp worm zombies (Swamp:4)
  4 kobold demonologists
  A red draconian zombie (Crypt:2)
  An efreet (D:15)
  A dire elephant skeleton (Crypt:1)
  37 yaktaurs
  2 rime drakes
  A cane toad (shapeshifter) (Depths:3)
  6 komodo dragons
  9 ice devils
  16 demonic crawlers
  A white draconian skeleton (Crypt:2)
  4 tengu conjurers
  3 freezing wraiths
  A red devil (Lair:6)
  A minotaur zombie (Crypt:3)
  A hellwing (Lair:6)
  8 trolls
  A queen bee (D:10)
  A troll (shapeshifter) (Depths:2)
  4 hydra zombies (Swamp:4)
  A red draconian skeleton (Crypt:3)
  2 guardian mummies (D:11)
  2 meliai (shapeshifter)
  A polar bear (Vaults:1)
  An iron troll skeleton (Crypt:2)
  3 meliai (Spider:2)
  40 jumping spiders
  2 spectral guardian serpents (Crypt:2)
  2 green draconian skeletons
  2 harpy skeletons
  A jumping spider (shapeshifter) (Vaults:4)
  9 tyrant leeches
  A moth of wrath zombie (Crypt:3)
  3 spectral swamp dragons
  20 hornets
  20 blink frogs
  2 meliai zombies
  A dream sheep (shapeshifter) (Depths:3)
  4 alligator zombies (Swamp:4)
  2 hippogriffs (shapeshifter)
  62 slime creatures
  11 hippogriffs
  9 bog bodies
  2 human simulacra
  A stone giant simulacrum (Crypt:2)
  A fire dragon skeleton (Crypt:1)
  8 vampires
  81 redbacks
  2 air elementals (Elf:2)
  An alligator skeleton (Crypt:1)
  2 wyverns
  3 shadows
  33 tarantellas
  13 flying skulls (Crypt:1)
  9 spriggans
  A satyr skeleton (Crypt:3)
  5 water elementals
  A spriggan (shapeshifter) (Depths:3)
  2 tarantellas (shapeshifter)
  9 wraiths
  A wyvern (shapeshifter) (Depths:3)
  A basilisk (Lair:6)
  34 yaks
  A black mamba skeleton (Crypt:1)
  3 ice dragon skeletons (Crypt:1)
  9 fire elementals
  A hog (shapeshifter) (Vaults:3)
  A tyrant leech zombie (Crypt:1)
  7 golden eyes (Slime:3)
  A basilisk (shapeshifter) (Elf:3)
  20 humans (D:14)
  Grum (D:8)
  32 vampire mosquitoes
  26 swamp worms
  5 wargs
  A soldier ant (D:11)
  A two-headed ogre zombie (D:11)
  A warg (shapeshifter) (Vaults:2)
  23 insubstantial wisps
  An acid dragon (D:14)
  An infernal demonspawn zombie (Crypt:3)
  16 water moccasins
  A floating eye (Depths:5)
  14 hell hounds
  An orb spider zombie (Crypt:1)
  A merfolk skeleton (Crypt:2)
  24 orc warriors
  6 porcupines
  4 sky beasts
  4 swamp drakes
  A sky beast (shapeshifter) (Depths:3)
  4 necrophages
  10 eyes of draining
  8 ice beasts
  40 ogres
  8 phantoms
  3 swamp dragon zombies (Swamp:4)
  A snapping turtle skeleton (Crypt:1)
  3 boggarts (Depths:2)
  30 centaurs
  14 wolves
  14 crocodiles
  A hog skeleton (Crypt:2)
  A swamp dragon skeleton (Crypt:1)
  An elf simulacrum (Vaults:1)
  2 lemures (D:8)
  A bullfrog (shapeshifter) (Depths:3)
  13 bullfrogs
  3 big kobolds
  4 earth elementals
  A salamander skeleton (Crypt:2)
  A water moccasin zombie (Crypt:3)
  A wyvern skeleton (D:10)
  4 scorpions
  A troll zombie (D:11)
  A water moccasin skeleton (D:11)
  A killer bee (shapeshifter) (D:15)
  35 killer bees
  A wight (D:10)
  7 electric eels
  10 howler monkeys
  A quasit (D:5)
  2 bullfrog zombies
  8 hounds
  2 draconian simulacra (IceCv)
  A black bear zombie (Crypt:1)
  2 bullfrog skeletons
  23 orc priests
  5 centaur skeletons
  2 iron imps
  7 jellies
  2 iguanas
  Natasha (D:3)
  41 orc wizards
  A human skeleton (Crypt:1)
  2 troll simulacra (IceCv)
  A worker ant (shapeshifter) (Depths:2)
  15 worker ants
  A killer bee zombie (D:8)
  A spriggan simulacrum (IceCv)
  2 big kobold zombies (Ossuary)
  6 ogre zombies (D:11)
  An acid dragon zombie (Crypt:2)
  3 centaur simulacra (IceCv)
  An ogre skeleton (Crypt:1)
  2 hound zombies (Ossuary)
  3 hound skeletons
  4 mummies (Ossuary)
  A howler monkey zombie (Crypt:1)
  2 ogre simulacra
  3 swamp drake zombies (Swamp:4)
  14 adders
  A naga simulacrum (IceCv)
  2 river rats
  3 shadow imps
  22 white imps
  4 ufetubi
  5 oozes
  5 adder zombies
  An iguana zombie (Crypt:1)
  An adder skeleton (D:2)
  4 worms
  A barachi skeleton (Crypt:2)
  4 dart slugs
  5 leopard geckos
  106 orcs
  A ball python (shapeshifter) (Depths:5)
  2 ball pythons
  9 bats
  A bat zombie (Crypt:3)
  5 giant cockroaches
  9 goblins
  7 hobgoblins
  8 jackals
  31 kobolds
  3 quokkas
  2 frilled lizards (D:1)
  A gnoll skeleton (Crypt:2)
  3 goblin zombies (D:11)
  2 hobgoblin skeletons (D:11)
  5 hobgoblin zombies
  A jackal skeleton (Crypt:1)
  2 jackal zombies (Ossuary)
  A leopard gecko skeleton (Crypt:1)
  16 orc zombies (D:11)
  19 rats
  A rat zombie (Ossuary)
  A block of ice (Slime:5)
2537 creatures vanquished.

Vanquished Creatures (collateral kills)
  Gastronok (D:8)
  An orc sorcerer (Orc:1)
  An orb spider (Lair:4)
  3 elephants (Lair:2)
  A rime drake (Lair:5)
  A komodo dragon (Lair:6)
  2 polar bears
  2 bog bodies (Lair:3)
  A hippogriff (Lair:6)
  2 yaks (Lair:3)
  2 wraiths (Lair:5)
  2 wyverns (Lair:6)
  2 basilisks (Lair:6)
  2 orc warriors
  A porcupine (Lair:5)
  An ogre (Orc:1)
  2 phantoms
  A big kobold (D:9)
  3 killer bees (D:9)
  A wight (D:10)
  An orc wizard (D:9)
  An orc (D:7)
  3 kobolds (D:9)
37 creatures vanquished.

Vanquished Creatures (others)
  A hell hog (Depths:2)
  A phantom (Swamp:4)
  An electric eel (D:15)
  213 blocks of ice
  51 fungi
  135 plants
402 creatures vanquished.

Grand Total: 2976 creatures vanquished

Notes
Turn   | Place    | Note
-------+----------+-------------------------------------------
     0 | D:1      | MrRokkomies the Deep Elf Ice Elementalist began the quest
                  | for the Orb.
     0 | D:1      | Reached XP level 1. HP: 10/10 MP: 6/6
   286 | D:1      | Reached XP level 2. HP: 15/15 MP: 8/8
   788 | D:1      | Reached XP level 3. HP: 20/20 MP: 4/9
   793 | D:1      | Learned a level 3 spell: Frozen Ramparts
   797 | D:1      | Learned a level 3 spell: Ozocubu's Armour
  1713 | D:2      | Found a sacrificial altar of Ru.
  1721 | D:2      | Reached skill level 1 in Fighting
  1721 | D:2      | Reached skill level 5 in Ice Magic
  1721 | D:2      | Reached XP level 4. HP: 25/25 MP: 7/11
  2166 | D:2      | Found an ornate altar of the Wu Jian Council.
  2166 | D:2      | Found a blossoming altar of Fedhas.
  2166 | D:2      | Found a snail-covered altar of Cheibriados.
  2888 | D:3      | Reached XP level 5. HP: 29/29 MP: 13/13
  3462 | D:3      | Noticed Natasha
  3466 | D:3      | Killed Natasha
  3542 | D:3      | Found a broken altar of Ashenzari.
  3555 | D:3      | Found a radiant altar of Vehumet.
  3568 | D:3      | Found a glowing silver altar of Zin.
  3572 | D:3      | Became a worshipper of Vehumet
  3824 | D:4      | Reached XP level 6. HP: 16/35 MP: 10/14
  3837 | D:4      | Reached skill level 5 in Dodging
  4010 | D:4      | Found a staircase to the Ecumenical Temple.
  4509 | D:4      | Found a bloodstained altar of Trog.
  4720 | D:5      | Entered Level 5 of the Dungeon
  4827 | D:5      | Reached XP level 7. HP: 29/40 MP: 12/16
  4832 | D:5      | Reached skill level 5 in Spellcasting
  5199 | D:5      | Found Hevvuv's Weapon Boutique.
  5610 | D:5      | Found Reirook's Antique Armour Shop.
  5793 | D:5      | Found Rafus's Antique Weapon Shop.
  5802 | D:5      | Bought a transparent dagger for 217 gold pieces
  5802 | D:5      | Identified the +4 dagger "Mukkaeh" {flame, Stlth+} (You
                  | bought it in a shop on level 5 of the Dungeon)
  5921 | D:6      | Reached XP level 8. HP: 45/45 MP: 12/18
  5929 | D:6      | Reached * piety under Vehumet
  5929 | D:6      | Offered knowledge of Sandblast by Vehumet.
  5954 | D:6      | Found a sand-covered staircase.
  5959 | Ossuary  | Entered an ossuary
  6257 | D:6      | Offered knowledge of Foxfire by Vehumet.
  6258 | D:6      | Reached ** piety under Vehumet
  6334 | D:6      | Found a glowing drain.
  6341 | Sewer    | Entered a sewer
  6453 | Sewer    | Found a white marble altar of Elyvilon.
  6467 | Sewer    | Identified a scroll of acquirement
  6467 | Sewer    | Acquired a +0 buckler of cold resistance
  6530 | Sewer    | Learned a level 4 spell: Summon Ice Beast
  6535 | Sewer    | Learned a level 4 spell: Hailstorm
  6749 | D:6      | Reached skill level 1 in Summonings
  6954 | D:6      | Found a transporter.
  7342 | D:6      | Found a transporter.
  7418 | D:6      | Reached XP level 9. HP: 46/52 MP: 20/20
  7435 | D:6      | Reached skill level 1 in Shields
  7476 | D:6      | Offered knowledge of Static Discharge by Vehumet.
  8214 | D:7      | Reached *** piety under Vehumet
  9105 | D:8      | Noticed Grum
  9111 | D:8      | Offered knowledge of Dazzling Flash by Vehumet.
  9119 | D:8      | Killed Grum
  9163 | D:8      | Noticed Erica
  9176 | D:8      | Killed Erica
  9176 | D:8      | Reached skill level 5 in Summonings
  9176 | D:8      | Reached skill level 10 in Ice Magic
  9176 | D:8      | Reached XP level 10. HP: 39/58 MP: 12/21
  9291 | D:8      | Noticed a two-headed ogre
  9309 | D:8      | Killed a two-headed ogre
  9424 | D:8      | Reached **** piety under Vehumet
  9575 | D:8      | Noticed Gastronok
  9583 | D:8      | Killed Gastronok
  9583 | D:8      | Reached skill level 5 in Fighting
  9912 | D:8      | Found a staircase to the Lair.
 10039 | D:8      | Found an ancient bone altar of Kikubaaqudgha.
 10150 | D:8      | Found a sparkling altar of Nemelex Xobeh.
 10169 | D:8      | Offered knowledge of Inner Flame by Vehumet.
 10297 | D:8      | Noticed Pikel
 10309 | D:8      | Killed Pikel
 10436 | D:9      | Noticed Harold
 10508 | D:8      | Killed Harold
 10508 | D:8      | Reached skill level 10 in Dodging
 10508 | D:8      | Reached XP level 11. HP: 51/64 MP: 15/22
 10988 | D:9      | Noticed a two-headed ogre
 10992 | D:9      | Noticed Maurice
 10998 | D:9      | Killed a two-headed ogre
 11012 | D:9      | Killed Maurice
 11420 | D:10     | Entered Level 10 of the Dungeon
 11456 | D:10     | Found Ribaaps's Demolitions Depot.
 11459 | D:10     | Reached ***** piety under Vehumet
 11471 | D:10     | Bought a condenser vane (2/2) for 340 gold pieces
 11513 | D:10     | Offered knowledge of Fireball by Vehumet.
 11520 | D:10     | Learned a level 5 spell: Fireball
 11708 | D:10     | Reached skill level 1 in Conjurations
 11708 | D:10     | Reached skill level 1 in Fire Magic
 11996 | D:10     | Found Kysiemushriem's Magic Scroll Shop.
 13301 | Lair:1   | Entered Level 1 of the Lair of Beasts
 13621 | Lair:1   | Reached XP level 12. HP: 22/71 MP: 8/23
 14090 | Lair:1   | Reached skill level 5 in Conjurations
 14090 | Lair:1   | Reached skill level 5 in Fire Magic
 14478 | Lair:1   | Noticed Urug
 14496 | Lair:1   | Killed Urug
 14496 | Lair:1   | Offered knowledge of Iskenderun's Mystic Blast by Vehumet.
 14502 | Lair:1   | Learned a level 4 spell: Iskenderun's Mystic Blast
 16860 | Lair:3   | Noticed a death yak
 16861 | Lair:3   | Noticed a death yak
 16861 | Lair:3   | Noticed a death yak
 16862 | Lair:3   | Noticed a death yak
 16863 | Lair:3   | Noticed a death yak
 16878 | Lair:3   | Killed a death yak
 16883 | Lair:3   | Killed a death yak
 16885 | Lair:3   | Killed a death yak
 16885 | Lair:3   | Killed a death yak
 16886 | Lair:3   | Killed a death yak
 17147 | Lair:3   | Reached skill level 1 in Evocations
 17151 | Lair:3   | Reached XP level 13. HP: 76/76 MP: 20/24
 17591 | Lair:3   | Found a staircase to the Swamp.
 19014 | Lair:4   | Found a hole to the Spider Nest.
 19901 | Lair:5   | Offered knowledge of Ozocubu's Refrigeration by Vehumet.
 20210 | Lair:5   | Found a staircase to the Slime Pits.
 21123 | Lair:5   | Learned a level 6 spell: Ozocubu's Refrigeration
 21391 | Lair:5   | Noticed Josephine
 21411 | Lair:5   | Killed Josephine
 21986 | Lair:6   | Entered Level 6 of the Lair of Beasts
 21988 | Lair:6   | Reached skill level 10 in Conjurations
 21989 | Lair:6   | Reached skill level 5 in Evocations
 22363 | Lair:6   | Got a slimy amber ring
 22364 | Lair:6   | Identified the ring "Fyemm" {rN+ MR+ Dex+6 Stlth+} (You
                  | found it on level 6 of the Lair of Beasts)
 23722 | Lair:6   | Reached XP level 14. HP: 84/84 MP: 14/29
 24114 | Lair:6   | Found a burning altar of Makhleb.
 24117 | Lair:6   | Reached skill level 10 in Spellcasting
 24400 | Lair:6   | Found a gateway to Hell.
 24980 | D:10     | Bought the Papyrus of Confrontation for 946 gold pieces
 24992 | D:10     | Learned a level 7 spell: Orb of Destruction
 25172 | D:11     | Offered knowledge of Bolt of Magma by Vehumet.
 25504 | D:11     | Found a portal to a secret trove of treasure.
 25666 | D:11     | Found a staircase to the Orcish Mines.
 26335 | Orc:1    | Entered Level 1 of the Orcish Mines
 26986 | Orc:2    | Entered Level 2 of the Orcish Mines
 27072 | Orc:2    | Found a staircase to the Elven Halls.
 27384 | Orc:2    | Offered knowledge of Lee's Rapid Deconstruction by Vehumet.
 27706 | Orc:2    | Found Goseug's Gadget Shop.
 27845 | Orc:2    | Found a radiant altar of Vehumet.
 27848 | Orc:2    | Noticed Erolcha
 27851 | Orc:2    | Killed Erolcha
 27865 | Orc:2    | Found Yvoetid's Gadget Shop.
 27873 | Orc:2    | Noticed Nergalle
 27878 | Orc:2    | Killed Nergalle
 27963 | Orc:2    | Found an ancient bone altar of Kikubaaqudgha.
 28016 | Orc:2    | Found a roughly hewn altar of Beogh.
 28016 | Orc:2    | Found Vempatua's Magic Scroll Boutique.
 28063 | Orc:2    | Found Boikosa's Antique Armour Boutique.
 28087 | Orc:2    | Bought a glowing buckler for 255 gold pieces
 28087 | Orc:2    | Bought a bloodstained cloak for 323 gold pieces
 28087 | Orc:2    | Bought a pair of embroidered boots for 255 gold pieces
 28097 | Orc:2    | Identified the +0 cloak "Cavy" {rElec rC- Int+8} (You
                  | bought it in a shop on level 2 of the Orcish Mines)
 28117 | Orc:2    | Identified a +1 pair of boots of running (You bought it in
                  | a shop on level 2 of the Orcish Mines)
 28914 | D:12     | Found a frozen archway.
 28927 | IceCv    | Entered an ice cave
 29558 | IceCv    | Reached skill level 10 in Fighting
 29700 | IceCv    | Identified the +7 hand axe "Neutz" {venom, rN+ MR+ Int-4
                  | Dex+4}
 30606 | D:12     | Found a hazy altar of Hepliaklqana.
 30773 | D:12     | Reached ****** piety under Vehumet
 31174 | D:12     | Found Natudiro's Antique Armour Shoppe.
 31187 | D:12     | Bought a faintly humming leather armour for 224 gold pieces
 31197 | D:12     | Identified the +3 leather armour of Hopscotch {-Cast rElec
                  | rN+ Int+3} (You bought it in a shop on level 12 of the
                  | Dungeon)
 31530 | D:13     | Offered knowledge of Lightning Bolt by Vehumet.
 31822 | D:12     | Reached XP level 15. HP: 87/92 MP: 19/31
 32064 | D:13     | Reached skill level 10 in Evocations
 32271 | D:13     | Noticed a frost giant
 32286 | D:13     | Killed a frost giant
 33419 | D:14     | Offered knowledge of Conjure Ball Lightning by Vehumet.
 33789 | D:14     | Found a gate to the Vaults.
 33985 | D:14     | Noticed Rupert
 33994 | D:14     | Killed Rupert
 33995 | D:14     | Noticed Agnes
 33998 | D:14     | Killed Agnes
 34599 | D:15     | Entered Level 15 of the Dungeon
 35593 | D:14     | Killed a ghost moth
 35967 | D:15     | Identified the +5 tower shield "Ebbuwuv" {+Inv rElec rCorr
                  | MP-9}
 35967 | D:15     | Noticed Louise
 36206 | D:15     | Found a staircase to the Depths.
 36251 | D:15     | Reached XP level 16. HP: 100/100 MP: 7/33
 36451 | D:15     | Found Ibutait's Armour Shop.
 36479 | D:15     | Bought the +2 ratskin cloak {*Rats rPois rN+ Str-1 Int-1
                  | Dex+1} for 417 gold pieces
 36479 | D:15     | Found the +2 ratskin cloak {*Rats rPois rN+ Str-1 Int-1
                  | Dex+1}
 37121 | Swamp:1  | Entered Level 1 of the Swamp
 37546 | Swamp:1  | Offered knowledge of Fire Storm by Vehumet.
 37546 | Swamp:1  | Offered knowledge of Chain Lightning by Vehumet.
 37546 | Swamp:1  | Offered knowledge of Absolute Zero by Vehumet.
 39205 | Swamp:2  | Noticed a thorn hunter
 39208 | Swamp:2  | Killed a thorn hunter
 39213 | Swamp:2  | Reached skill level 15 in Dodging
 39787 | Swamp:2  | Found a transporter.
 39995 | Swamp:2  | Found a transporter.
 40001 | Swamp:2  | Identified the amulet of the Special Servitors {Inacc +Fly
                  | MP+9} (You found it on level 2 of the Swamp)
 40013 | Swamp:2  | Identified the ring of Xom's Sleight of Hands {rElec rPois
                  | Dex+6} (You found it on level 2 of the Swamp)
 41867 | Swamp:4  | Entered Level 4 of the Swamp
 41974 | Swamp:4  | Identified Roxanne's Papyrus of the Mountains
 41974 | Swamp:4  | Noticed Roxanne
 41982 | Swamp:4  | Killed Roxanne
 42697 | Swamp:4  | Reached XP level 17. HP: 101/108 MP: 6/36
 42700 | Swamp:4  | Noticed Mara
 42820 | Swamp:4  | Noticed MrRokkomies's illusion
 42823 | Swamp:4  | Killed Mara
 44046 | Swamp:4  | Noticed a bone dragon
 44053 | Swamp:4  | Killed a bone dragon
 44748 | Swamp:4  | Got a decaying rune of Zot
 44995 | Lair:3   | Upgraded the game from 0.26-a0-651-gb41185065b to
                  | 0.26-a0-652-gafc20e3620
 45031 | Spider:1 | Entered Level 1 of the Spider Nest
 45041 | Lair:4   | Learned a level 6 spell: Statue Form
 45052 | Lair:4   | Reached skill level 1 in Transmutations
 45697 | Spider:1 | Acquired 1073 gold pieces
 46175 | Spider:1 | Got a transparent robe
 46176 | Spider:1 | Identified the +0 robe of Uneb {rF+ Str+3 SInv} (You found
                  | it on level 1 of the Spider Nest)
 46806 | Spider:2 | Reached skill level 15 in Conjurations
 47896 | Spider:2 | You fall into a shaft and drop 1 floor!
 48261 | Spider:3 | Reached skill level 5 in Transmutations
 48529 | Spider:3 | Identified the +1 leather armour "Wupoquer" {-Tele Harm
                  | rElec Slay+5} (You found it on level 3 of the Spider Nest)
 48963 | Spider:4 | Entered Level 4 of the Spider Nest
 48972 | Spider:4 | Reached XP level 18. HP: 116/116 MP: 38/38
 48985 | Spider:4 | Noticed Arachne
 49114 | Spider:4 | Reached skill level 15 in Spellcasting
 49132 | Spider:4 | Killed Arachne
 49971 | Spider:4 | Reached skill level 15 in Fighting
 50064 | Spider:4 | Got a gossamer rune of Zot
 50458 | D:10     | Bought a manual of Conjurations for 1876 gold pieces
 50774 | D:8      | Learned a level 9 spell: Absolute Zero
 50924 | Vaults:1 | Entered Level 1 of the Vaults
 51072 | Vaults:1 | Reached skill level 1 in Earth Magic
 51411 | Vaults:1 | Reached skill level 10 in Transmutations
 51803 | Vaults:1 | Noticed Nikola
 51809 | Vaults:1 | Killed Nikola
 52588 | Vaults:1 | Reached XP level 19. HP: 124/124 MP: 22/40
 53088 | Vaults:1 | You fall into a shaft and drop 1 floor!
 53184 | Vaults:2 | Noticed Aizul
 53187 | Vaults:2 | Killed Aizul
 53253 | Vaults:2 | You fall into a shaft and drop 2 floors!
 53466 | Vaults:3 | Reached skill level 5 in Earth Magic
 53471 | Vaults:3 | You fall into a shaft and drop 1 floor!
 53871 | Vaults:4 | Found a large runed translucent door.
 53871 | Vaults:4 | Found a large runed translucent door.
 53871 | Vaults:4 | Found a large runed translucent door.
 53871 | Vaults:4 | Found a large runed translucent door.
 53872 | Vaults:4 | Found a large runed translucent door.
 53872 | Vaults:4 | Found a large runed translucent door.
 53872 | Vaults:4 | Found a large runed translucent door.
 53872 | Vaults:4 | Found a large runed translucent door.
 53872 | Vaults:4 | Noticed temitten's ghost (veteran PaFi)
 54189 | Vaults:3 | Found Wukes's Assorted Antiques.
 54624 | Vaults:2 | Found Husoyzemo's Assorted Antiques.
 54624 | Vaults:2 | Noticed Sojobo
 54637 | Vaults:2 | Killed Sojobo
 55131 | Vaults:2 | Noticed Bai Suzhen
 55137 | Vaults:2 | Killed Bai Suzhen
 55527 | Vaults:2 | Reached skill level 15 in Ice Magic
 55781 | Vaults:2 | Noticed Jory
 55790 | Vaults:2 | Killed Jory
 56215 | Vaults:2 | Found a staircase to the Crypt.
 56846 | Vaults:2 | Reached XP level 20. HP: 129/129 MP: 12/41
 57476 | Vaults:2 | Identified the +3 leather armour "Kefi" {Harm *Corrode
                  | Dex+8}
 57865 | Vaults:2 | Noticed a golden dragon
 58208 | Vaults:2 | Killed a golden dragon
 58903 | Vaults:3 | Noticed Margery
 58908 | Vaults:3 | Killed Margery
 60560 | Vaults:4 | Reached skill level 10 in Earth Magic
 61311 | Elf:1    | Entered Level 1 of the Elven Halls
 61355 | Elf:1    | Reached XP level 21. HP: 134/134 MP: 37/42
 62191 | Elf:1    | Found a runed translucent gate.
 62191 | Elf:1    | Found a runed translucent gate.
 62191 | Elf:1    | Found a runed translucent gate.
 62191 | Elf:1    | Found a runed translucent gate.
 62191 | Elf:1    | Found a runed translucent gate.
 62195 | Elf:1    | Found a runed translucent gate.
 62728 | Elf:2    | Noticed Azrael
 62732 | Elf:2    | Killed Azrael
 63423 | Elf:2    | Found Dyshonej's Gadget Emporium.
 63602 | Elf:2    | Found a huge runed translucent gate.
 63602 | Elf:2    | Found a huge runed translucent gate.
 63602 | Elf:2    | Found a huge runed translucent gate.
 63602 | Elf:2    | Found a huge runed translucent gate.
 63603 | Elf:2    | Found a huge runed translucent gate.
 64449 | Elf:3    | Entered Level 3 of the Elven Halls
 64671 | Elf:3    | Noticed Asterion
 64682 | Elf:3    | Killed Asterion
 65746 | Elf:3    | Reached XP level 22. HP: 121/140 MP: 22/43
 66115 | Elf:3    | Identified the +7 demon whip of the Wizarding Enemy {venom,
                  | rC++}
 66115 | Elf:3    | Identified the amulet of the Equinox {Acrobat rElec MR-
                  | Dex+4 Stlth+}
 66406 | Elf:3    | Found the -2 hat of the Alchemist {rElec rPois rF+ rC+ rN+
                  | MR+ rMut rCorr}
 66406 | Elf:3    | Identified the Handbook of the Oath
 67054 | D:10     | Bought a scroll of fog for 26 gold pieces
 67213 | Orc:2    | Bought a scroll of fog for 30 gold pieces
 67562 | Vaults:3 | Bought 2 potions of haste for 720 gold pieces
 67662 | Crypt:1  | Entered Level 1 of the Crypt
 68251 | Crypt:1  | Found the +12 Vampire's Tooth {vamp}
 68744 | Crypt:1  | Acquired 867 gold pieces
 69928 | Crypt:1  | Identified the +9 shortbow of Infinite Pain {vorpal, rC+}
 69928 | Crypt:1  | Identified the +6 chain mail "Vodo" {Int+2}
 70372 | Crypt:1  | Identified the cursed +3 quarterstaff "Hefim" {vorpal, rN++
                  | Int-5 SInv Stlth+}
 72187 | Crypt:3  | Entered Level 3 of the Crypt
 72187 | Crypt:3  | Found a staircase to the Tomb.
 73065 | Crypt:3  | Found a runed translucent gate.
 73065 | Crypt:3  | Found a runed translucent gate.
 73065 | Crypt:3  | Found a runed translucent gate.
 73338 | Crypt:3  | Reached XP level 23. HP: 147/147 MP: 33/45
 74224 | Crypt:3  | Identified the +1 quarterstaff of the Fulmar {antimagic,
                  | rN+++ Str-5 Dex-4 SInv}
 74523 | Crypt:3  | Found an opulent altar of Gozag.
 74523 | Crypt:3  | Noticed Liwawop's ghost (legendary GrBe)
 74524 | Crypt:3  | Found Mebbojap's Assorted Antiques.
 74587 | Crypt:3  | Identified the +4 leather armour of the First Villages
                  | {rPois rC- rN++}
 75406 | Crypt:3  | Found a basalt altar of Yredelemnul.
 75410 | Crypt:3  | Identified the Catalogue of Black Rites
 75443 | Crypt:3  | Found an ancient bone altar of Kikubaaqudgha.
 76376 | D:10     | Bought a manual of Evocations for 1876 gold pieces
 76487 | Depths:1 | Entered Level 1 of the Depths
 76487 | Depths:1 | Found a one-way gate to the infinite horrors of the Abyss.
 76565 | Depths:1 | Acquired 919 gold pieces
 76748 | Depths:1 | Found a glowing golden altar of the Shining One.
 77860 | Depths:2 | Noticed a juggernaut
 77863 | Depths:2 | Killed a juggernaut
 78269 | Depths:2 | Reached XP level 24. HP: 154/154 MP: 34/47
 78621 | Depths:2 | Identified the ring of Yfrir {rC++ Str+6}
 78821 | Depths:2 | Found a runed translucent door.
 79005 | Depths:2 | Found a gateway to a bazaar.
 79011 | Bazaar   | Entered a bazaar
 79028 | Bazaar   | Found Kilypsem's General Store.
 79043 | Bazaar   | Found Olovihene's Antique Armour Emporium.
 79047 | Bazaar   | Bought a pearl-encrusted ring mail for 252 gold pieces
 79047 | Bazaar   | Identified the +0 ring mail "Zayst" {rPois} (You bought it
                  | in a shop in a bazaar)
 79059 | Bazaar   | Found Puammeig's Distillery.
 79059 | Bazaar   | Found Loschezo's Book Shoppe.
 79069 | Bazaar   | Bought a potion of haste for 130 gold pieces
 79080 | Bazaar   | Found Adghi's Antique Armour Emporium.
 79080 | Bazaar   | Found Qyjaodona's Antique Weapon Shoppe.
 79141 | Depths:2 | Found a gateway to a ziggurat.
 79442 | Depths:2 | Found the +8 longbow "Zephyr" {speed, Dex+3 SInv}
 79448 | Depths:2 | Identified Zeikhan's Collected Works on Sinister Rituals
                  | and Cold
 79853 | D:11     | You paid a toll of 6 potions of haste to enter a treasure
                  | trove
 79854 | Trove    | Entered a treasure trove
 79858 | Trove    | Found the +0 mask of the Dragon {MR+ Slay+3 SInv}
 79860 | Trove    | Identified the +0 pair of gloves "Ilokikka" {rF++} (You
                  | found it in a treasure trove)
 79874 | Trove    | Identified the cursed +1 robe of the Eleven Ships {*Corrode
                  | +Inv rElec rPois} (You found it in a treasure trove)
 79879 | Trove    | Identified the +1 buckler of Untruth {rElec} (You found it
                  | in a treasure trove)
 79881 | Trove    | Identified the +0 hat "Gomul" {Str+6} (You found it in a
                  | treasure trove)
 79884 | Trove    | Identified the cursed +0 leather armour of Responsibility
                  | {rPois Str+4 Int-4} (You found it in a treasure trove)
 80469 | Depths:3 | Found a one-way gate leading to the halls of Pandemonium.
 82716 | Depths:4 | Found Heobb's One-of-a-Kind Books.
 82733 | Depths:4 | Learned a level 9 spell: Fire Storm
 82796 | Depths:4 | Got a flickering crystal amulet
 82797 | Depths:4 | Identified the amulet "Rodizxad" {Inacc rC+} (You found it
                  | on level 4 of the Depths)
 83018 | Depths:5 | Entered Level 5 of the Depths
 83121 | Depths:5 | Noticed a juggernaut
 83565 | Depths:5 | Reached XP level 25. HP: 83/161 MP: 31/49
 83684 | Depths:5 | Noticed a juggernaut
 83686 | Depths:5 | Killed a juggernaut
 83793 | Depths:5 | Noticed Boris
 83794 | Depths:5 | Killed Boris
 83830 | Depths:5 | Reached skill level 15 in Evocations
 84011 | Depths:5 | Found a gate to the Realm of Zot.
 84071 | Depths:5 | Noticed Xtahua
 84073 | Depths:5 | Killed Xtahua
 85166 | D:15     | Killed Louise
 85431 | Slime:1  | Entered Level 1 of the Pits of Slime
 86219 | Slime:5  | Entered Level 5 of the Pits of Slime
 86404 | Slime:5  | Noticed the Royal Jelly
 86407 | Slime:5  | Killed the Royal Jelly
 86637 | Slime:5  | Found the amulet of the Four Winds {rN+ MR+++ Clar}
 86639 | Slime:5  | Found the +7 pair of quick blades "Gyre" and "Gimble"
                  | {protect}
 86710 | Slime:5  | Identified the cursed +1 ring mail "Diaviete" {Harm Regen+}
                  | (You found it on level 5 of the Pits of Slime)
 86717 | Slime:5  | Identified The Handbook of Greatest Risks and Utility
 86727 | Slime:5  | Identified the +5 double sword "Muirell" {vorpal, rF+ rN+}
                  | (You found it on level 5 of the Pits of Slime)
 86735 | Slime:5  | Got a slimy rune of Zot
 86738 | Slime:5  | Identified the +1 robe "Hasof" {rPois MR+ Str+5} (You found
                  | it on level 5 of the Pits of Slime)
 86762 | Slime:5  | Identified the Collected Works on Earthen Stolen Souls
 87663 | Vaults:4 | Killed temitten's ghost
 87663 | Vaults:4 | Reached XP level 26. HP: 171/171 MP: 40/49
 87779 | Vaults:5 | Entered Level 5 of the Vaults
 87781 | Vaults:5 | Reached skill level 5 in Stealth
 88137 | Vaults:5 | Reached skill level 10 in Fire Magic
 88139 | Vaults:5 | Noticed an ancient lich
 88151 | Vaults:5 | Killed an ancient lich
 88235 | Vaults:5 | Reached skill level 1 in Short Blades
 88302 | Vaults:5 | Shot with a bolt by a yaktaur captain

Illustrated notes

Levels and vault maps discovered:
D:1:      saegor_arrival_under_anarchy, layout_loops_ring
D:2:      layout_loops_corners, nicolae_ru_great_annihilating_truth,
          chequers_temple_overflow_statue_of_worship,
          hangedman_abyss_or_decor_lesser_grid, dk_noncrumbling_4
D:3:      layout_loops_ring, nicolae_overflow_crystal_walls, minitemple,
          uniq_natasha
D:4:      layout_basic, temple_statues, mrwooster_statue_mirror,
          minmay_misc_feat_four_crosses, trog_eyes_of_draining
D:5:      layout_cave_pools, serial_shops,
          nicolae_shop_competitors_out_of_business, shop, shop, serial_glass,
          glass_columns_a, glass_columns_c
D:6:      gammafunk_cloud_chamber, layout_cave_pools, portal_sewer_entry_e,
          enter_ossuary_2
D:7:      layout_rooms
D:8:      kennysheep_blocky_room, layout_loops_ring, kiku_gazebo_pond_becter,
          old_standard_altar, lair_entry_dummy, dk_noncrumbling_3, uniq_grum,
          uniq_erica, uniq_gastronok, uniq_pikel
D:9:      layout_rooms, uniq_maurice, uniq_harold
D:10:     layout_roguey, special_room [special_room_bee], serial_shops, shop,
          minmay_misc_feat_rugged, nicolae_blasting_shop
D:11:     layout_stronghold, zombieorc2_lemuel, nicolae_trove_entry_path_of_doom
D:12:     layout_roguey, portal_ice_cave_entry_imps, serial_shops, shop,
          basic_altar
D:13:     layout_big_octagon, kennysheep_just_a_vault
D:14:     layout_roguey, grunt_vaults_entry_tiered,
          roderic_lattice_octagonal_star, uniq_rupert, uniq_agnes
D:15:     gammafunk_enter_depths_forms, layout_basic, serial_shops, shop,
          serial_bayou, serial_bayou_crossing, serial_bayou_shore_a,
          serial_bayou_pond_b, serial_bayou_lagoon_a, uniq_louise
Lair:1:   layout_long_grid, serial_bayou_pond_e, infiniplex_staircase_pool_2,
          uniq_urug
Lair:2:   layout_misc_corridors, st_stairs_10, cheibrodos_lair_reptile_den
Lair:3:   layout_chaotic_city, skrybe_swamp_entry_bodies, grunt_megastairs_2,
          lemuel_fruit_tree
Lair:4:   layout_gridlike, nicolae_spider_entry_orb_guardian
Lair:5:   layout_hall_layers, nicolae_slime_entry_slimehenge,
          beast_lair_carwin_10, grunt_megastairs_5, lemuel_fruit_fields,
          uniq_josephine
Lair:6:   evil_forest, layout_small_grid, worms_lemuel
Swamp:1:  layout_basic_swamp, evilmike_swamp_ruin_house_6
Swamp:2:  gammafunk_its_a_trap, layout_basic_swamp, evilmike_swamp_ruin_house_3
Swamp:3:  layout_falls_marsh, infiniplex_staircase_pool
Swamp:4:  swamp_pestilence, layout_basic_swamp, uniq_mara, uniq_roxanne
Spider:1: layout_spider_delve
Spider:2: layout_spider_delve
Spider:3: layout_spider_delve
Spider:4: grunt_spider_rune_circles, nicolae_arachne_temple
Slime:1:  layout_caves
Slime:2:  layout_caves
Slime:3:  layout_caves, basic_altar
Slime:4:  layout_caves
Slime:5
Orc:1:    layout_caves
Orc:2:    kennysheep_orc_mage_school, layout_diamond_mine
Elf:1:    eino_elf_arrival_customs, layout_gridlike, orc_legates, st_stairs_7,
          minivault_24
Elf:2:    layout_geoelf_diagonals, serial_shops, shop_fountains,
          nrook_loot_triangle, small_statue_intersection, uniq_azrael
Elf:3:    minmay_elf_hall_quartered_circle, layout_geoelf_castle, serial_glass,
          glass_columns_c, glass_columns_b, minmay_strange_pillars,
          uniq_asterion
Vaults:1: v_misc_15, hangedman_vaults_locks, serial_ice_b,
          nicolae_vaults_triangles, vaults_room_boxed,
          nicolae_vaults_what_the_h, v_misc_26, hangedman_vaults_restitches,
          vaults_room_grid, v_misc_8, nicolae_vaults_specimen_jars,
          vaults_dpeg_ring, layout_vaults_ring, uniq_nikola
Vaults:2: st_greater_box_3, minmay_crypt_entry_vampire_xt,
          hangedman_vaults_nails, ontoclasm_vaults_claustrophobia, v_pattern_2,
          hangedman_vaults_impose, hangedman_vaults_stretched_pinwheel,
          vaults_room_fours, ontoclasm_vaults_decontamination,
          vaults_room_corners, ontoclasm_vaults_chip,
          layout_vaults_chaotic_city, serial_shops,
          nicolae_shop_overgrown_old_shop, uniq_jory, uniq_aizul,
          uniq_bai_suzhen, uniq_sojobo
Vaults:3: vaults_room_octagon, grunt_vaults_diagonal, v_misc_19,
          nicolae_vaults_puzzle_piece, st_cross, v_alt_pattern_6,
          ontoclasm_vaults_bender, v_misc_3, vaults_room_semicircle, v_misc_19,
          vaults_room_pool, vaults_room_hallway, layout_vaults_omnicross,
          serial_shops, nicolae_shop_statue_plus, uniq_margery
Vaults:4: advil_vaults_ghost_lines, hangedman_vaults_corner_blocks,
          vaults_room_semicircle, v_misc_22, v_misc_18, v_misc_27,
          nicolae_vaults_little_ls, ontoclasm_vaults_twist,
          nicolae_vaults_sealed_display, nicolae_vaults_shelves_hall,
          hangedman_vaults_cutoff, dpeg_vaults_waves, layout_vaults_omnibox
Vaults:5: serial_shops
Crypt:1:  minmay_skeleton_keep, layout_basic,
          minmay_guarded_unrand_vampires_tooth
Crypt:2:  layout_basic, nrook_guardian_serpent_ordinary
Crypt:3:  lightli_unholy_cathedral, layout_chaotic_city, ebering_ghost_gozag,
          st_stairs_12
Depths:1: layout_twisted_cross, pf_hell_entry_tar_spiral,
          nicolae_abyss_entry_one_way_or_another, minmay_misc_feat_tiny,
          tso_metal_star
Depths:2: minmay_the_grid_triangle_9x9_recursive_3_mashed
          [minmay_the_grid_triangle_9x9_descending_squares,
          minmay_the_grid_triangle_9x9_zippers_horizontal,
          minmay_the_grid_triangle_9x9_warning,
          minmay_the_grid_triangle_9x9_prize_center,
          minmay_the_grid_triangle_9x9_subtriangle,
          minmay_the_grid_triangle_9x9_negative_grid,
          minmay_the_grid_triangle_9x9_swiss_cheese,
          minmay_the_grid_triangle_9x9_steps,
          minmay_the_grid_triangle_9x9_limited_checkers], layout_cave_pools,
          enter_ziggurat_d, serial_shops, bzr_entry_safe, grunt_hell_horde,
          infiniplex_staircase_zigzag_3
Depths:3: minmay_split_circle, layout_gridlike, minmay_misc_feat_iff,
          hell_entry, grunt_pan_entry_zigzag, minmay_staircase_windowed_small
Depths:4: nicolae_whirlpool, layout_cave_pools, grunt_pan_entry_in_and_out,
          serial_sigils_hangedman_gnaw, pf_hell_entry_great_geh, abyss_entry,
          nicolae_rare_books
Depths:5: grunt_runaround [grunt_runaround_doors_1, grunt_runaround_doors_2,
          grunt_runaround_doors_3, grunt_runaround_doors_4,
          grunt_runaround_zot], hell_entry, uniq_xtahua, uniq_boris

Skill      XL: |  1  2  3  4  5  6  7  8  9 10 11 12 13 14 15 16 17 18 19 20 21 22 23 24 25 26 |
---------------+-------------------------------------------------------------------------------+-----
Dodging        | 3 4 5 6 8 9 10 11 12 14 15 16 17 18 19 20 21 22 | 22.0
Fighting       | 1 2 3 4 5 6 7 8 10 11 13 14 15 16 17 19 | 19.3
Ice Magic      | 5 6 7 8 10 11 12 13 15 17 18 20 21 22 | 22.0
Spellcasting   | 4 5 6 9 10 11 13 14 15 16 18 20 | 20.0
Summonings     | 2 5 7 8 |  8.0
Shields        | 2 3 4 |  4.0
Conjurations   | 4 8 10 12 14 15 17 19 20 | 20.0
Fire Magic     | 4 8 10 | 10.8
Evocations     | 1 5 9 10 11 14 17 | 17.3
Transmutations | 6 10 | 10.0
Earth Magic    | 3 8 10 | 10.0
Stealth        | 3 8 |  8.6
Short Blades   | 2 |  2.3

Action                   |  1- 3 |  4- 6 |  7- 9 | 10-12 | 13-15 | 16-18 | 19-21 | 22-24 | 25-27 || total
-------------------------+-------+-------+-------+-------+-------+-------+-------+-------+-------++-------
Melee: Short sword       |     4 |    27 |       |       |       |       |       |       |       ||    31
       Mace              |    24 |     1 |       |       |       |       |       |       |       ||    25
       Trident           |       |    13 |       |       |       |       |       |       |       ||    13
       Dagger            |       |    28 |   353 |   112 |       |       |       |       |       ||   493
       Staff             |       |       |       |    41 |   117 |   107 |   114 |   226 |    26 ||   631
       Demon trident     |       |       |       |     5 |   103 |       |       |       |       ||   108
       Quick blade       |       |       |       |       |       |       |       |       |    91 ||    91
Throw: Javelin           |       |       |     1 |       |       |       |       |       |       ||     1
       Dart              |       |       |       |       |     6 |       |       |       |       ||     6
       Throwing net      |       |       |       |       |       |       |     1 |       |       ||     1
 Cast: Freeze            |    41 |    46 |    57 |   100 |   114 |       |       |       |       ||   358
       Frozen Ramparts   |     1 |    11 |    29 |    66 |    38 |       |       |       |       ||   145
       Ozocubu's Armour  |       |       |     5 |    16 |     4 |       |       |       |       ||    25
       Summon Ice Beast  |       |       |     3 |    23 |    43 |       |     1 |     1 |       ||    71
       Hailstorm         |       |       |       |    16 |       |       |       |       |       ||    16
       Fireball          |       |       |       |    13 |    78 |    99 |    20 |     6 |       ||   216
       Iskenderun's Myst |       |       |       |     3 |    34 |    73 |    53 |    94 |       ||   257
       Ozocubu's Refrige |       |       |       |       |   148 |   137 |   147 |   100 |    49 ||   581
       Orb of Destructio |       |       |       |       |    73 |   211 |   196 |   252 |       ||   732
       Statue Form       |       |       |       |       |       |       |     5 |     3 |     2 ||    10
       Absolute Zero     |       |       |       |       |       |       |     1 |   117 |    99 ||   217
Evoke: Wand              |       |       |       |    10 |     2 |       |     4 |     7 |       ||    23
       Condenser vane    |       |       |       |     1 |     1 |       |     1 |     2 |     1 ||     6
       Box of beasts     |       |       |       |       |     2 |       |       |       |       ||     2
       Tin of tremorston |       |       |       |       |       |       |       |     7 |     1 ||     8
       Lightning rod     |       |       |       |       |       |       |       |     4 |       ||     4
  Use: Scroll            |     6 |     2 |    11 |    11 |     7 |    17 |     5 |    14 |     7 ||    80
       Potion            |       |       |     8 |     4 |     1 |     3 |       |       |     3 ||    19
 Stab: Sleeping          |     2 |     7 |     2 |     2 |     3 |     1 |     3 |     1 |       ||    21
       Distracted        |       |       |     1 |     1 |     1 |     1 |       |       |       ||     4
       Paralysed         |       |       |       |     4 |       |       |       |       |       ||     4
Armor: Robe              |    12 |    17 |    89 |    64 |    44 |    29 |    17 |    25 |     7 ||   304
       Skin              |       |       |       |       |       |       |    32 |    53 |    21 ||   106
Dodge: Dodged            |    43 |    92 |   363 |   363 |   348 |   311 |   355 |   492 |   219 ||  2586
Block: Buckler           |       |       |    34 |   115 |   135 |   106 |   115 |   210 |    84 ||   799

Table legend: (Time is in decaauts)
 A = Elapsed time spent in this place.
 B = Non-inter-level travel time spent in this place.
 C = Inter-level travel time spent in this place.
 D = Time resting spent in this place.
 E = Time spent auto-exploring this place.
 F = Levels seen in this place.
 G = Mean time per level.
                   A        B        C        D        E       F      G
               +--------+--------+--------+--------+--------+-----+--------+
         Total |  86739 |  81233 |   5506 |  12910 |  56172 |  57 | 1521.7 |
       Dungeon |  22280 |  20112 |   2168 |   1826 |  14920 |  15 | 1485.3 |
          Lair |  12662 |  11797 |    865 |   1286 |   9220 |   6 | 2110.3 |
         Swamp |   8012 |   7749 |    263 |   2410 |   4151 |   4 | 2003.0 |
   Spider Nest |   4517 |   4276 |    241 |   1090 |   2811 |   4 | 1129.2 |
    Slime Pits |   1822 |   1751 |     71 |    862 |    593 |   5 |  364.4 |
  Orcish Mines |   2661 |   2253 |    408 |     76 |   1838 |   2 | 1330.5 |
   Elven Halls |   5218 |   5004 |    214 |    386 |   3855 |   3 | 1739.3 |
        Vaults |  11910 |  11222 |    688 |   2076 |   7542 |   5 | 2382.0 |
         Crypt |   7519 |   7345 |    174 |    551 |   5411 |   3 | 2506.3 |
        Depths |   7959 |   7549 |    410 |   1174 |   5506 |   5 | 1591.8 |
        Bazaar |     90 |     90 |      0 |      0 |     86 |   1 |   90.0 |
         Trove |     38 |     38 |      0 |      0 |      1 |   1 |   38.0 |
         Sewer |    315 |    315 |      0 |     95 |    114 |   1 |  315.0 |
       Ossuary |    254 |    254 |      0 |      0 |      0 |   1 |  254.0 |
      Ice Cave |   1475 |   1475 |      0 |   1075 |    119 |   1 | 1475.0 |
               +--------+--------+--------+--------+--------+-----+--------+

Top non-repeatable levels by time:
Vaults:2: 4522 daAuts
 Crypt:3: 3017 daAuts
 Crypt:1: 2845 daAuts
  Lair:6: 2675 daAuts
Vaults:1: 2673 daAuts
 Swamp:3: 2671 daAuts
  Lair:5: 2474 daAuts
    D:14: 2397 daAuts
Vaults:4: 2359 daAuts
Vaults:3: 2167 daAuts
  Lair:4: 2104 daAuts
   Elf:3: 2093 daAuts
    D:10: 2058 daAuts
 Swamp:4: 2007 daAuts
Depths:5: 1973 daAuts
